AoeStats
← xu3u6vm0888

Arena

510130785Analyzed
1v1 RM · 3d ago on Sep 29, 2026· 23m 16s· 2 players
Game mode
Random Map
Map size
Tiny (2 player)
Population
200
Speed
Normal
Resources
Standard
Victory
Conquest
Starting age
Dark Age
Ending age
Imperial Age
RankedLock teamsTeams togetherTeam positionsShared explorationLock speedFull tech treeHidden civsTurbo modeCheats
Victory
Defeat
🇹🇼 Italians · Taiwan
1105
+17
🇹🇼 Wu · Taiwan
1135
-17
xu3u6vm0888
11:14 Feudal Age
12:18 Loom
12:25 Double-Bit Axe
12:56 Horse Collar
15:33 Castle Age
14:44 Fletching
16:48 Bow Saw
18:28 Padded Archer Armor
21:27 Ballistics
21:51 Bodkin Arrow
23:05 Leather Archer Armor
22:58 Heavy Plow
apple730323
10:42 Feudal Age
10:19 Loom
12:17 Town Watch
15:08 Castle Age
13:00 Horse Collar
13:28 Double-Bit Axe
16:09 Heavy Plow
19:01 Bow Saw
23:06 Gold Mining
Connection lost

Rejoining the realm…

Still unreachable

The connection could not be restored.

Session expired

The server has moved on; the page needs a fresh start.